 Dungeon Crawl Stone Soup version 0.17.1-3-g152610e (webtiles) character file.

1362 moxian the Slasher (level 8, 0/55 HPs)
             Began as a High Elf Fighter on Apr 17, 2016.
             Was an Initiate of the Shining One.
             Slain by Joseph
             ... wielding a +2 quarterstaff of crushing
              (5 damage)
             ... on level 7 of the Dungeon.
             The game lasted 00:24:21 (5627 turns).

moxian the Slasher (High Elf Fighter)               Turns: 5627, Time: 00:24:21

Health: 0/55       AC:  9    Str: 20    XL:     8   Next: 37%
Magic:  9/9        EV: 12    Int: 13    God:    the Shining One [......]
Gold:   279        SH: 12    Dex: 21    Spells: 0 memorised, 7 levels left

rFire  . . .     SeeInvis +     a - +0 long sword
rCold  . . .     Clarity  .     b - +0 scale mail
rNeg   . . .     SustAt   .     h - +1 shield
rPois  .         Gourm    .     C - +0 helmet
rElec  .         Spirit   .     (no cloak)
rCorr  .         Warding  .     (no gloves)
rMut   .         Stasis   .     e - +0 pair of boots
MR     .....                    (no amulet)
Stlth  ..........               J - +5 ring of dexterity
                                j - ring of see invisible

@: mighty, not resistant to hostile enchantments, extremely unstealthy
A: no striking features
a: Renounce Religion


You were on level 7 of the Dungeon.
You worshipped the Shining One.
The Shining One was noncommittal.
You were not hungry.

You visited 2 branches of the dungeon, and saw 8 of its levels.

You collected 279 gold pieces.

Inventory:

Hand Weapons
 a - a +0 long sword (weapon)
 s - a +0 hunting sling
 w - a +0 blowgun
 N - a +0 great sword
 R - a +0 shortbow
 S - a +1 shortbow of freezing
 U - the +3 rapier "Uxea" {drain, rN+ MP+9 Int+3 Dex-5}
   (You found it on level 7 of the Dungeon)

   A truly terrible weapon, it drains the life of those it strikes.
   It affects your intelligence (+3).
   It affects your dexterity (-5).
   It protects you from negative energy.
   It affects your magic capacity (+9).
   The Shining One disapproves of the use of such an item.
Missiles
 g - 162 arrows
 i - 160 stones (quivered)
 k - 33 sling bullets
 l - 46 bolts
 t - 39 poisoned needles
 x - 19 arrows of frost
 I - 4 steel javelins
Armour
 b - a +0 scale mail (worn)
 e - a +0 pair of boots (worn)
 h - a +1 shield (worn)
 o - a +0 ring mail
 p - a +0 chain mail
 C - a +0 helmet (worn)
 P - a +0 pair of gloves
Jewellery
 j - a ring of see invisible (left hand)
 G - a +3 ring of intelligence
 J - a +5 ring of dexterity (right hand)
Wands
 F - a wand of digging (8)
 Q - a wand of fire (5)
Scrolls
 n - a scroll of magic mapping
 v - 6 scrolls of teleportation
 y - 3 scrolls of immolation
 A - 2 scrolls of remove curse
 D - 2 scrolls of random uselessness {unknown}
 E - a scroll of enchant weapon {unknown}
 K - a scroll of blinking {unknown}
 T - a scroll of identify
Potions
 c - a potion of lignification
 d - a potion of might
 f - 5 potions of degeneration
 m - 3 potions of agility {unknown}
 q - a potion of brilliance {unknown}
 r - a potion of curing
 u - 3 potions of haste {unknown}
 H - a potion of cure mutation {unknown}
 L - 4 potions of poison {unknown}
 M - 2 potions of flight {unknown}
Comestibles
 z - 2 bread rations
 B - 5 meat rations
 O - a beef jerky


   Skills:
 + Level 5.1 Fighting
 * Level 5.9 Long Blades
 * Level 2.1 Bows
 + Level 4.4 Armour
 + Level 5.3 Dodging
 - Level 5.0 Shields


You had 7 spell levels left.
You didn't know any spells.

Dungeon Overview and Level Annotations

Branches:
Dungeon (7/15)             Temple (1/1) D:7

Altars:
Ashenzari
Dithmenos
Elyvilon
Fedhas
Gozag
Kikubaaqudgha
Makhleb
Nemelex Xobeh
Okawaru
Qazlal
Ru
Sif Muna
Xom
Yredelemnul
Zin
The Shining One

Annotations:
D:7 Joseph


Message History

You block Joseph's attack.
You hit Joseph but do no damage.
Joseph is moderately wounded.
Joseph hits you with an uncursed quarterstaff of crushing.
You hit Joseph.
Joseph is moderately wounded.
Joseph says, "You must be punished!
Or...
I want to punish you!"
Joseph hits you with an uncursed quarterstaff of crushing.
* * * LOW HITPOINT WARNING * * *
x2 You slash Joseph!
Joseph is heavily wounded.
You block Joseph's attack.
Drink which item? (? for menu, Esc to quit)
You feel very mighty all of a sudden.
Joseph hits you with an uncursed quarterstaff of crushing!
* * * LOW HITPOINT WARNING * * *
x2 You closely miss Joseph.
Joseph is heavily wounded.
Joseph hits you with an uncursed quarterstaff of crushing.
You die...

!..##....≈≈≈≈≈≈≈≈≈...
#.###..≈≈≈≈≈(≈≈≈≈≈≈≈.
..#.≈≈≈≈≈≈(≈≈≈≈≈≈≈≈
....≈≈≈≈≈≈.(.(≈≈≈≈≈
#..≈≈≈≈≈≈.>.≈≈≈≈≈≈
#..≈≈≈≈≈≈(..≈≈≈≈≈≈
##..≈≈≈≈≈≈≈≈≈≈≈≈≈.
##.....≈(≈≈≈≈≈≈≈...
.......@.≈≈≈≈≈.....
......@............
...#.##..###.......
.. # #..# .......
...# ...... ##...
.... ##.# .#


You could see Joseph.

Vanquished Creatures
  Grinder (D:3)
  The ghost of moxian the Slasher, an amateur HEFi of Ru (D:4)
  2 centaurs (D:6)
  A black bear (D:6)
  An ogre (D:5)
  A giant frog (D:6)
  A scorpion (D:5)
  2 giant frog zombies
  An orc priest (D:6)
  A gnoll shaman (D:5)
  2 crimson imps (D:5)
  2 hounds
  2 orc wizards
  An iguana (D:5)
  3 worker ants
  A hound zombie (D:4)
  A worker ant zombie (D:5)
  5 adders
  A gnoll (D:1)
  An ooze (D:3)
  5 worms
  7 giant geckos
  3 orcs
  2 ball pythons
  8 giant cockroaches
  10 goblins
  11 hobgoblins
  8 jackals
  14 kobolds
  3 quokkas
  10 bats
  A giant newt (D:2)
  A quokka skeleton (D:4)
  11 rats
125 creatures vanquished.

Notes
Turn   | Place    | Note
--------------------------------------------------------------
     0 | D:1      | moxian the High Elf Fighter began the quest for the Orb.
     0 | D:1      | Reached XP level 1. HP: 16/16 MP: 2/2
   121 | D:1      | Reached XP level 2. HP: 17/21 MP: 3/3
   258 | D:1      | Found a shattered altar of Ashenzari.
   348 | D:1      | Reached XP level 3. HP: 22/26 MP: 4/4
   846 | D:1      | Reached skill level 1 in Dodging
  1133 | D:2      | Reached XP level 4. HP: 28/33 MP: 5/5
  1824 | D:3      | Noticed Grinder
  1832 | D:3      | Killed Grinder
  1832 | D:3      | Reached skill level 4 in Fighting
  1832 | D:3      | Reached XP level 5. HP: 30/37 MP: 6/6
  1832 | D:3      | Reached XP level 6. HP: 34/43 MP: 7/7
  1965 | D:3      | Found a deep blue altar of Sif Muna.
  2557 | D:4      | Found a sacrificial altar of Ru.
  2568 | D:4      | Found a basalt altar of Yredelemnul.
  2705 | D:4      | Noticed moxian's ghost (amateur HEFi)
  2713 | D:5      | Entered Level 5 of the Dungeon
  3369 | D:4      | Killed moxian's ghost
  3369 | D:4      | Reached XP level 7. HP: 40/49 MP: 8/8
  3996 | D:5      | Found a sparkling altar of Nemelex Xobeh.
  4740 | D:6      | Reached skill level 5 in Long Blades
  4741 | D:6      | Found a shimmering altar of Xom.
  4744 | D:6      | Found a shimmering altar of Xom.
  4745 | D:6      | Found a shimmering altar of Xom.
  4745 | D:6      | Found a shimmering altar of Xom.
  4745 | D:6      | Found a shimmering altar of Xom.
  4755 | D:6      | Reached skill level 5 in Dodging
  4755 | D:6      | Reached XP level 8. HP: 52/54 MP: 9/9
  4768 | D:6      | Found a shimmering altar of Xom.
  4833 | D:6      | Reached skill level 5 in Fighting
  4833 | D:6      | Reached skill level 1 in Bows
  4833 | D:6      | Reached skill level 5 in Shields
  5506 | D:7      | Got a dazzling rapier
  5507 | D:7      | Identified the cursed +3 rapier "Uxea" {drain, rN+ MP+9 Int+3 Dex-5} (You found it on level 7 of the Dungeon)
  5530 | D:7      | Found a staircase to the Ecumenical Temple.
  5535 | D:7      | Noticed Joseph
  5540 | Temple   | Entered the Ecumenical Temple
  5556 | Temple   | Became a worshipper of the Shining One
  5627 | D:7      | Slain by Joseph

Action                   |  1- 3 |  4- 6 |  7- 9 || total
-------------------------+-------+-------+-------++-------
Melee: Long sword        |   114 |   241 |   209 ||   564
       Rapier            |       |       |     3 ||     3
Throw: Javelin           |       |     3 |       ||     3
       Stone             |       |       |     3 ||     3
  Use: Scroll            |     5 |     6 |     2 ||    13
       Potion            |       |     1 |     1 ||     2
  Eat: Chunk             |     1 |     7 |     7 ||    15
       Bread ration      |       |       |     1 ||     1
